 Dungeon Crawl Stone Soup version 0.19-a0-414-g76fec5b (webtiles) character file.

435144 oplop the Convoker (level 22, 0/144 HPs)
             Began as a Vampire Enchanter on May 30, 2016.
             Was the Champion of Dithmenos.
             Slain by a frost giant
             ... wielding a +3 battleaxe of freezing
              (1 damage)
             ... on level 3 of the Depths on May 31, 2016.
             The game lasted 03:15:10 (51466 turns).

oplop the Convoker (Vampire Enchanter)             Turns: 51466, Time: 03:15:11

Health: 0/144      AC: 14    Str: 11    XL:     22   Next: 91%
Magic:  35/37      EV: 29    Int: 23    God:    Dithmenos [******]
Gold:   3437       SH:  7    Dex: 23    Spells: 11 memorised, 2 levels left

rFire  + . .     SeeInvis +     a - +5 quick blade "Vynnakux" {pierce, rN+ MR++ Int-4}
rCold  + . .     Gourm    .     W - +2 robe {MR+}
rNeg   + + +     Faith    .     z - +1 buckler {AC+3}
rPois  +         Spirit   .     F - +2 helmet "Tousid" {rCorr Int+4}
rElec  +         Dismiss  .     u - +0 cloak
rCorr  +         Reflect  .     h - +2 pair of gloves
SustAt .         Harm     .     i - +0 pair of boots
MR     +++++                    R - amulet of magic regeneration
Stlth  ++++++++++               Z - ring "Docrixt" {*Drain rElec rPois rF+ Str+2 Int+4}
                                q - +3 ring of slaying

@: about to teleport, regenerating slowly, wreathed by umbra, almost entirely
resistant to hostile enchantments, uncannily stealthy
A: fangs 3, see invisible, deformed body, frail 1, strong 1, wild magic 1,
unbreathing
a: Bat Form, Shadow Step, Shadow Form, Renounce Religion
}: 2/15 runes: decaying, serpentine


You were on level 3 of the Depths.
You worshipped Dithmenos.
Dithmenos was exalted by your worship.
You were very thirsty.

You visited 9 branches of the dungeon, and saw 46 of its levels.

You collected 6022 gold pieces.
You spent 2585 gold pieces at shops.

Inventory:

Hand Weapons
 a - the +5 quick blade "Vynnakux" (weapon) {pierce, rN+ MR++ Int-4}
   (You took it off a deep elf sorcerer on level 3 of the Elven Halls)

   It inflicts extra damage upon your enemies.
   It affects your intelligence (-4).
   It protects you from negative energy.
   It affects your resistance to hostile enchantments.
 b - the +10 blowgun of Guilt {speed, rPois}
   (You found it on level 3 of the Swamp)

   Attacks with this weapon are significantly faster.
   It protects you from poison.
Missiles
 r - 4 needles of sleeping
 t - 5 needles of confusion
 S - 5 curare-tipped needles
 Y - 7 needles of paralysis
Armour
 h - a +2 pair of gloves (worn)
 i - a +0 pair of boots (worn)
 u - a +0 cloak (worn)
 z - a +1 buckler of protection (worn)
 F - the +2 helmet "Tousid" (worn) {rCorr Int+4}
   (You bought it in a shop on level 2 of the Vaults)

   It affects your intelligence (+4).
   It protects you from acid and corrosion.
 W - a +2 robe of magic resistance (worn)
Jewellery
 d - an uncursed ring of sustain attributes
 q - a +3 ring of slaying (left hand)
 M - an uncursed ring of resist corrosion
 R - an amulet of magic regeneration (around neck)
 Z - the ring "Docrixt" (right hand) {*Drain rElec rPois rF+ Str+2 Int+4}
   (You took it off a deep elf annihilator on level 3 of the Elven Halls)

   [ring of intelligence]

   It affects your strength (+2).
   It affects your intelligence (+4).
   It protects you from fire.
   It insulates you from electricity.
   It protects you from poison.
   It causes draining when unequipped.
Wands
 B - a wand of digging (6/24)
 G - a wand of hasting (2/9)
 Q - a wand of disintegration (10/24)
Scrolls
 j - a scroll of summoning
 k - 16 scrolls of identify
 l - 13 scrolls of remove curse
 n - 6 scrolls of fear
 p - 7 scrolls of fog
 s - 10 scrolls of amnesia
 v - 9 scrolls of enchant armour
 D - 6 scrolls of recharging
 I - 2 scrolls of blinking
 J - 4 scrolls of magic mapping
 K - a scroll of brand weapon
 L - 3 scrolls of silence
 U - 5 scrolls of enchant weapon
Potions
 c - 4 potions of brilliance
 e - 6 potions of flight
 f - 3 potions of haste
 g - 7 potions of heal wounds
 m - 2 potions of ambrosia
 o - 10 potions of curing
 x - 7 potions of cure mutation
 A - a potion of invisibility
 C - 4 potions of agility
 E - 4 potions of magic
 H - 6 potions of cancellation
 N - 2 potions of resistance
 V - 28 potions of blood
 X - 7 potions of might
Books
 w - the Reference Book on Warped Good Luck
   (You found it on level 2 of the Depths)

   Spells                             Type                      Level
   a - Apportation                    Translocation                1
   b - Shroud of Golubria             Charms/Translocation         2
   c - Blink                          Translocation                2
   d - Spectral Weapon                Hexes/Charms                 3
   e - Passage of Golubria            Translocation                4
   f - Iskenderun's Battlesphere      Conjuration/Charms           5
 O - a book of Minor Magic

   Spells                             Type                      Level
   a - Magic Dart                     Conjuration                  1
   b - Blink                          Translocation                2
   c - Call Imp                       Summoning                    2
   d - Repel Missiles                 Charms/Air                   2
   e - Slow                           Hexes                        2
   f - Conjure Flame                  Conjuration/Fire             3
   g - Mephitic Cloud                 Conjuration/Poison/Air       3


   Skills:
 + Level 10.3 Fighting
 - Level 11.4 Short Blades
 + Level 8.9 Throwing
 + Level 17.0 Dodging
 - Level 15.2 Stealth
 - Level 5.0 Shields
 - Level 11.0 Spellcasting
 - Level 13.2 Hexes
 - Level 11.9 Charms
 - Level 17.1 Summonings
 - Level 14.7 Translocations
 - Level 11.2 Air Magic
 - Level 9.2 Invocations


You had 2 spell levels left.
You knew the following spells:

 Your Spells              Type           Power        Failure   Level  Hunger
a - Invisibility          Hex            #######.     6%          6    #####..
b - Ensorcelled Hibernat  Hex/Ice        ######       1%          2    None
c - Confuse               Hex            #######.     1%          3    None
d - Tukima's Dance        Hex            #######.     1%          3    None
e - Dazzling Spray        Conj/Hex       ######       2%          3    None
f - Apportation           Tloc           #######...   1%          1    None
g - Deflect Missiles      Chrm/Air       ######....   14%         6    #####..
h - Malign Gateway        Summ/Tloc      #######...   12%         7    #######
i - Summon Mana Viper     Hex/Summ       #######.     1%          5    ####...
j - Mephitic Cloud        Conj/Pois/Air  #####...     6%          3    None
k - Blink                 Tloc           N/A          1%          2    None


Dungeon Overview and Level Annotations

Branches:
Dungeon (15/15)            Temple (1/1) D:4            Lair (8/8) D:11
  Swamp (4/4) Lair:5        Snake (4/4) Lair:5        Slime (0/6) Lair:6
    Orc (2/2) D:9             Elf (3/3) Orc:2        Vaults (5/5) D:14
  Crypt (0/3) Vaults:2     Depths (4/5) D:15

Altars:
Ashenzari
Cheibriados
Dithmenos
Elyvilon
Fedhas
Gozag
Hepliaklqana
Kikubaaqudgha
Makhleb
Nemelex Xobeh
Okawaru
Pakellas
Qazlal
Ru
Sif Muna
Trog
Uskayaw
Vehumet
Xom
Yredelemnul
Zin
The Shining One
Beogh
Jiyva

Shops:
D:5 :   D:9 [!   D:10 [   Orc:2 (:[*   Elf:2 *   Elf:3 *   Vaults:1 =
Vaults:2 [

Portals:
Hell: Depths:1 Depths:2 Depths:3
Abyss: Depths:2
Pandemonium: Depths:3

Annotations:
D:4 Gruesome's ghost, amateur OpTm
D:11 exclusion: storm dragon


Innate Abilities, Weirdness & Mutations

You heal slowly.
You have razor-sharp teeth.
You have supernaturally acute eyesight. (SInv)
You can survive without breathing.
Armour fits poorly on your strangely shaped body.
You are frail. (-10% HP)
Your muscles are strong. (Str +2)
Your spells are a little harder to cast, but a little more powerful.


Message History

The spray of metal splinters hits you!
* * * LOW HITPOINT WARNING * * *
You hear a horrible gurgling sound!
You hear a shout!
You hear a horrible gurgling sound! x3
The entropy weaver mumbles some strange words.
As you read the scroll of teleportation, it crumbles to dust.
You feel strangely unstable.
Casting: Blink
Confirm with . or Enter, or press ? or * to list all spells.
Aiming: Ensorcelled Hibernation
Press: ? - help, Shift-Dir - straight line, f - entropy weaver
Aim: an entropy weaver (umbra, chance to defeat MR: 37%)
The entropy weaver easily resists.
Your shadow mimicks your spell!
The entropy weaver resists with almost no effort.
The entropy weaver mumbles some strange words.
The frost giant hits you with a battleaxe of freezing!!
* * * LOW HITPOINT WARNING * * *
The frost giant freezes you.
You die...

...u........#.....C.c.....
...u.u...#..#..#.........
...y.u§..#######.........
.....uh..#..# #..........
....###§....# uu.###....# .
#§§..(###.u... ...sc
#§§#......c#.. #... .
######p......### ...
.#.$#..#@.###.. #.. .c..#..CD..#
... ..# #..###Cc#.(# ..###..
#.#######.....D.#### ##.......###
#.#.$#..#.......#§§#D.#.......#..
.....#..(..###..§§§#.....###.....
....###..(§§#...§D###.... #.....#
.........#§§#..#..§§§..# #...
##......u#######..§§§§.#######...


You could see an iron dragon, a golden dragon, 2 frost giants, a purple very
ugly thing, an entropy weaver, 2 ugly things, a yaktaur and a centaur.

Vanquished Creatures
  2 golden dragons (Depths:2)
  Jory (Vaults:2)
  3 deep elf blademasters
  2 liches
  A quicksilver dragon (Depths:2)
  2 thorn hunters (Swamp:4)
  5 tengu reavers
  Kirke (Lair:5)
  2 sphinxes
  8 greater nagas
  3 fire giants
  8 frost giants
  13 vault wardens
  An orc warlord (Orc:2)
  Maud (D:10)
  Aizul (Elf:3)
  11 deep elf sorcerers
  A large abomination (Elf:3)
  4 ironheart preservers
  5 deep elf elementalists (Elf:3)
  17 very ugly things
  3 vampire knights
  13 stone giants
  Nessos (Lair:5)
  7 deep elf demonologists (Elf:3)
  3 deep elf annihilators
  Snorg (Lair:6)
  6 spark wasps (Depths:2)
  12 vault guards
  10 deep elf death magi
  A crystal guardian (Depths:1)
  8 ettins
  7 fire dragons
  3 great orbs of eyes
  4 rakshasas
  A deep elf high priest (Elf:3)
  6 entropy weavers
  3 ice dragons
  21 hydras
  A spriggan air mage (Depths:2)
  10 yaktaur captains
  A ghost crab (shapeshifter) (Depths:3)
  12 naga warriors
  A juggernaut simulacrum (Depths:2)
  21 anacondas
  13 centaur warriors
  A satyr (shapeshifter) (Depths:3)
  Erica (D:9)
  8 alligators
  24 dancing weapons
  6 death yaks (Lair:8)
  10 ogre magi
  3 deep troll shamans
  11 naga sharpshooters
  3 vampire magi
  3 tengu warriors
  3 deep troll earth magi (Depths:2)
  5 spriggans
  3 orc high priests (Orc:2)
  3 spriggan berserkers
  4 shock serpents
  18 deep elf knights
  A fire crab (Vaults:2)
  6 hell knights (Depths:1)
  A shadow wraith (Vaults:2)
  10 skeletal warriors
  4 salamander mystics
  2 fire crabs (shapeshifter)
  5 deep trolls
  4 unseen horrors
  2 spriggan druids
  10 hill giants
  A giant orange brain (Vaults:2)
  10 swamp dragons
  2 shambling mangroves
  7 naga ritualists
  A flayed ghost (D:11)
  13 deep elf archers
  An orange crystal statue (Depths:1)
  12 ironbrand convokers
  11 orc knights
  A wolf spider zombie (D:13)
  3 harpies (Vaults:2)
  7 necromancers
  55 ugly things
  A wolf spider (Vaults:4)
  2 hornets
  66 deep elf magi
  3 mana vipers
  9 orc sorcerers
  5 griffons
  A fire giant zombie (Depths:2)
  A tengu skeleton (Depths:1)
  2 wizards
  Joseph (D:7)
  A sixfirhy (Depths:3)
  6 salamanders
  4 cyclopes
  A human skeleton (Vaults:4)
  A salamander (shapeshifter) (Vaults:1)
  An octopode (shapeshifter) (Depths:3)
  33 black mambas
  4 centaur zombies
  3 manticores
  5 vault sentinels
  A gargoyle (D:12)
  16 guardian serpents
  21 naga magi
  A frost giant skeleton (Depths:2)
  25 spiny frogs
  2 spiny frogs (shapeshifter)
  A swamp worm zombie (Swamp:3)
  A smoke demon (Depths:3)
  3 kobold demonologists
  2 yaktaur zombies
  A hellion (Depths:3)
  2 rime drakes
  11 komodo dragons
  3 efreet
  45 yaktaurs
  7 freezing wraiths
  A komodo dragon (shapeshifter) (Vaults:4)
  4 tengu conjurers
  A red devil (Depths:3)
  10 giant leeches
  2 small abominations (Elf:3)
  A queen bee (shapeshifter) (Depths:1)
  3 jumping spiders
  A harpy skeleton (D:15)
  9 trolls
  A hornet zombie (Swamp:3)
  18 two-headed ogres
  10 bog bodies
  23 blink frogs
  A sphinx simulacrum (Depths:2)
  A boulder beetle (Vaults:4)
  27 slime creatures
  An alligator zombie (Swamp:3)
  An ice dragon zombie (Depths:1)
  9 air elementals
  A tarantella (shapeshifter) (Vaults:3)
  A centaur simulacrum (D:15)
  4 water elementals
  A wraith (Vaults:3)
  2 shadows
  11 redbacks
  4 basilisks
  3 fire elementals
  4 humans (D:9)
  4 wyverns
  Sigmund (D:3)
  3 tarantellas
  A neqoxec (Depths:3)
  40 yaks
  2 vampires
  A hippogriff (shapeshifter) (D:14)
  A golden eye (shapeshifter) (Vaults:3)
  6 hogs
  8 hippogriffs
  4 steam dragons
  51 vampire mosquitoes
  A warg (Vaults:2)
  A deep troll zombie (Vaults:4)
  Edmund (D:6)
  A soldier ant (shapeshifter) (Vaults:3)
  2 soldier ants
  21 swamp worms
  19 insubstantial wisps
  Menkaure (D:7)
  A mottled dragon (Vaults:1)
  49 nagas
  9 water moccasins
  A swamp worm (shapeshifter) (Vaults:4)
  A giant eyeball (Depths:2)
  5 porcupines
  3 phantoms
  4 ice beasts
  4 sky beasts
  7 swamp drakes
  2 black bears
  33 orc warriors
  8 wasps
  A necrophage (D:7)
  A tengu (shapeshifter) (Elf:3)
  A swamp dragon zombie (Swamp:3)
  The ghost of removeelyvilon the Insei, an amateur DsTm (D:3)
  11 wolves
  40 ogres
  21 centaurs
  14 crocodiles
  A human zombie (Vaults:4)
  A big kobold (D:13)
  38 giant frogs
  6 earth elementals
  2 wyvern skeletons
  6 scorpions
  8 killer bees
  8 electric eels
  9 howler monkeys
  4 crimson imps
  7 jellies
  A quasit (D:11)
  3 giant frog zombies
  3 human simulacra
  39 orc wizards
  8 hounds
  3 giant frog skeletons
  23 orc priests
  14 iguanas
  4 centaur skeletons
  A gnoll shaman (D:5)
  2 hell rats (Lair:6)
  8 worker ants
  A hound skeleton (D:4)
  A mummy (D:5)
  13 gnolls
  14 adders
  64 river rats
  6 shadow imps
  An adder skeleton (D:8)
  13 worms
  3 dart slugs
  9 giant geckos
  97 orcs
  A ball python (D:4)
  8 giant cockroaches
  2 gnoll zombies (D:9)
  9 goblins
  6 hobgoblins
  9 jackals
  10 kobolds
  5 quokkas
  9 bats
  2 giant gecko skeletons
  7 giant newts
  11 rats
  2 crawling corpses (Elf:3)
1871 creatures vanquished.

Vanquished Creatures (collateral kills)
  Mara (Depths:2)
  A golden dragon (Depths:3)
  2 tentacled monstrosities (Depths:2)
  A deep elf master archer (Elf:3)
  A titan (Depths:2)
  A sphinx (Depths:2)
  A tengu reaver (Depths:1)
  A greater naga (Snake:4)
  A deep elf sorcerer (Elf:3)
  A vault warden (Vaults:4)
  A deep elf elementalist (Elf:2)
  A spriggan defender (Depths:2)
  A very ugly thing (Depths:2)
  4 deep elf annihilators (Elf:3)
  An ettin (Depths:3)
  2 deep elf death magi (Elf:3)
  3 crystal guardians (Depths:1)
  A rakshasa (Depths:3)
  A great orb of eyes (Depths:3)
  2 entropy weavers
  A spriggan air mage (Depths:2)
  3 naga warriors
  2 centaur warriors
  2 dancing weapons (Elf:2)
  A death knight (Vaults:3)
  A deep troll shaman (Depths:2)
  A tengu warrior (Depths:2)
  A spriggan berserker (Depths:2)
  2 spriggans (Depths:2)
  A hell knight (Depths:3)
  A small abomination (Elf:3)
  2 skeletal warriors (Vaults:2)
  A deep troll (Depths:2)
  A spriggan druid (Swamp:4)
  A giant orange brain (Depths:2)
  2 deep elf archers (Elf:2)
  A swamp dragon (Swamp:4)
  2 deep elf magi (Elf:2)
  5 ugly things
  A salamander (Snake:3)
  A naga mage (Snake:4)
  A vault sentinel (Vaults:4)
  A two-headed ogre (D:9)
  A slime creature (Depths:3)
  A wraith (Vaults:3)
  A redback (Depths:2)
  2 water elementals
  5 nagas
  2 insubstantial wisps (Swamp:4)
  An ogre (D:7)
  4 swamp drakes (Swamp:4)
  2 wasps (Depths:2)
  4 orc warriors
  2 earth elementals (Elf:3)
  An orc priest (D:11)
  4 orcs
93 creatures vanquished.

Vanquished Creatures (others)
  A deep elf master archer (Elf:3)
  8 eldritch tentacles
  A frost giant (Depths:3)
  A skeletal warrior (Vaults:2)
  A griffon (Vaults:4)
  A komodo dragon (Swamp:4)
  A slime creature (Depths:3)
  A spriggan (Swamp:4)
  A wraith (Vaults:2)
  6 dancing weapons
  2 orc warriors
  2 wasps (Swamp:4)
  An ogre (Vaults:1)
  2 orc priests (Orc:2)
  2 orcs
  341 eldritch tentacle segments
  12 fungi
  57 plants
441 creatures vanquished.

Grand Total: 2405 creatures vanquished

Notes
Turn   | Place    | Note
--------------------------------------------------------------
     0 | D:1      | oplop the Vampire Enchanter began the quest for the Orb.
     0 | D:1      | Reached XP level 1. HP: 13/13 MP: 3/3
    83 | D:1      | Reached XP level 2. HP: 11/20 MP: 5/5
   716 | D:1      | Learned a level 2 spell: Ensorcelled Hibernation
   725 | D:2      | Reached XP level 3. HP: 25/25 MP: 6/6
   964 | D:2      | Found a faded altar to an unknown god.
   988 | D:2      | Reached skill level 1 in Fighting
  1025 | D:2      | Reached skill level 5 in Stealth
  1033 | D:2      | Reached XP level 4. HP: 28/32 MP: 0/8
  1110 | D:1      | Reached skill level 5 in Hexes
  1675 | D:3      | Noticed Sigmund
  1679 | D:3      | Noticed removeelyvilon's ghost (amateur DsTm)
  1684 | D:2      | Learned a level 3 spell: Confuse
  1792 | D:2      | Reached XP level 5. HP: 29/37 MP: 2/9
  2030 | D:3      | You fall through a shaft for 3 floors!
  2030 | D:6      | Noticed Edmund
  2030 | D:6      | Noticed an ogre
  2062 | D:7      | Noticed Joseph
  2140 | D:6      | Killed Edmund
  2140 | D:6      | Reached XP level 6. HP: 35/44 MP: 3/10
  2239 | D:5      | Entered Level 5 of the Dungeon
  2245 | D:5      | Noticed an ice beast
  2430 | D:4      | Found an iron altar of Okawaru.
  2553 | D:4      | Found a sacrificial altar of Ru.
  2663 | D:4      | Found a stormy altar of Qazlal.
  2663 | D:4      | Noticed Gruesome's ghost (amateur OpTm)
  2665 | D:4      | Found a sparkling altar of Nemelex Xobeh.
  2729 | D:5      | Reached XP level 7. HP: 50/50 MP: 3/12
  2759 | D:5      | Found Deelaofa's Book Boutique.
  2929 | D:5      | Learned a level 3 spell: Tukima's Dance
  3698 | D:5      | Reached XP level 8. HP: 40/58 MP: 6/14
  4225 | D:6      | Learned a level 3 spell: Dazzling Spray
  4311 | D:3      | Killed removeelyvilon's ghost
  4335 | D:3      | Killed Sigmund
  4335 | D:3      | Reached skill level 5 in Short Blades
  4335 | D:3      | Reached skill level 5 in Dodging
  4488 | D:3      | Reached skill level 5 in Spellcasting
  4582 | D:3      | Found an opulent altar of Gozag.
  4864 | D:4      | oplop: ??vp
  4864 | D:4      | beem: vp[1/5]: Vampires can't starve to death (or eat!), they gradually change, depending on blood level: see vp[2]. They can turn into vampire bats after xl3, bottle blood from normal corpses. Vp start with SInv and sharp teeth 3, so they can randomly drink blood from living foes in melee.
  4864 | D:4      | oplop: ??vp[2
  4864 | D:4      | beem: vp[2/5]: Alive: fast metabolism, fast regeneration, able to berserk/transmute. Bloodless: no metabolism, no regeneration, Stlth++, no spell hunger, rPois, rCold++, rN+++, torment immunity, unable to berserk/transform(except vampire bat form).
  4864 | D:4      | oplop: ??vp[3
  4864 | D:4      | beem: vp[3/5]: See http://i.imgur.com/XVEf0az.jpg or 'A!' in game for details of blood-related state.
  4864 | D:4      | oplop: ??vp[4
  4864 | D:4      | beem: vp[4/5]: Vampires cannot cast Borgnjor's Revivification, Death's Door, or Necromutation. Some other spells have restrictions based on satiation level.
  4864 | D:4      | oplop: ??vp[5
  4864 | D:4      | beem: vp[5/5]: Try adding 'autoinscribe += blood:@q1' to your config file for quick and easy quaffing.
  5146 | D:4      | Found an oddly glowing altar of Pakellas.
  5146 | D:4      | Found a hide-covered altar to Ukayaw.
  5151 | D:4      | Found a shattered altar of Ashenzari.
  5347 | D:4      | Found a staircase to the Ecumenical Temple.
  5353 | Temple   | Entered the Ecumenical Temple
  5419 | Temple   | Became a worshipper of Dithmenos the Shadowed
  5547 | D:7      | Noticed Menkaure
  5675 | D:7      | Reached XP level 9. HP: 47/65 MP: 4/16
  5721 | D:7      | Killed Joseph
  5959 | D:7      | Killed Menkaure
  6014 | D:7      | Reached * piety under Dithmenos
  6262 | D:7      | Found a shadowy altar of Dithmenos.
  6567 | D:8      | Reached skill level 10 in Stealth
  6861 | D:8      | Reached XP level 10. HP: 70/73 MP: 14/18
  6903 | D:8      | Reached skill level 5 in Fighting
  7135 | D:8      | Reached ** piety under Dithmenos
  7488 | D:9      | Found a basalt altar of Yredelemnul.
  7529 | D:9      | Noticed Erica
  7532 | D:9      | Killed Erica
  7592 | D:9      | Found Nirha's Armour Boutique.
  7600 | D:9      | Bought a +1 hat for 143 gold pieces
  7653 | D:9      | Reached skill level 10 in Hexes
  7704 | D:9      | Found a deep blue altar of Sif Muna.
  7835 | D:9      | Found Jauqiupn's Distillery.
  7849 | D:9      | Bought a potion of magic for 80 gold pieces
  7849 | D:9      | Bought a potion of curing for 30 gold pieces
  7849 | D:9      | Bought a potion of heal wounds for 50 gold pieces
  7934 | D:9      | Found a staircase to the Orcish Mines.
  8040 | D:10     | Entered Level 10 of the Dungeon
  8056 | D:10     | Noticed a hill giant
  8063 | D:10     | Killed a hill giant
  8174 | D:10     | Found Bifall's Antique Armour Shop.
  8180 | D:10     | Bought an embroidered robe for 20 gold pieces
  8246 | D:10     | Noticed a guardian serpent
  8254 | D:10     | Killed a guardian serpent
  8298 | D:10     | Got a shimmering leather armour
  8309 | D:10     | Identified the +0 leather armour of the Carpenter {*Contam Int+4} (You found it on level 10 of the Dungeon)
  8365 | D:10     | Noticed Maud
  8404 | D:10     | Killed Maud
  8404 | D:10     | Reached XP level 11. HP: 81/81 MP: 13/21
  8597 | D:10     | Reached *** piety under Dithmenos
  8843 | D:11     | Noticed a storm dragon
  8844 | D:11     | Found a bloodstained altar of Trog.
  9085 | D:11     | Noticed a skeletal warrior
  9124 | D:11     | Noticed a skeletal warrior
  9147 | D:11     | Noticed a skeletal warrior
  9149 | D:11     | Found a staircase to the Lair.
  9159 | Lair:1   | Entered Level 1 of the Lair of Beasts
  9211 | Lair:1   | Reached skill level 1 in Throwing
  9220 | Lair:1   | Reached skill level 1 in Invocations
  9760 | Lair:1   | Reached **** piety under Dithmenos
 10555 | Lair:3   | Reached XP level 12. HP: 91/91 MP: 19/22
 11369 | Lair:4   | Noticed a six-headed hydra
 11390 | Lair:4   | Killed a six-headed hydra
 11406 | Lair:4   | Learned a level 6 spell: Invisibility
 11408 | Lair:4   | Learned a level 1 spell: Apportation
 11922 | Lair:5   | Noticed Kirke
 11922 | Lair:5   | Noticed a four-headed hydra
 11997 | Lair:5   | Reached skill level 10 in Short Blades
 12110 | Lair:5   | Killed a four-headed hydra
 12147 | Lair:5   | Reached ***** piety under Dithmenos
 12234 | Lair:5   | Found a staircase to the Snake Pit.
 12280 | Lair:5   | Noticed a four-headed hydra
 12287 | Lair:5   | Killed a four-headed hydra
 12463 | Lair:5   | Found a shadowy altar of Dithmenos.
 12528 | Lair:5   | Noticed Nessos
 12535 | Lair:5   | Killed Nessos
 12554 | Lair:5   | Found a staircase to the Swamp.
 12600 | Lair:5   | oplop: ,,туыыщы
 12600 | Lair:5   | oplop: ??nessos
 12600 | Lair:5   | beem: nessos[1/3]: A unique centaur, generated with a longbow of flame, poisoned arrows, a centaur barding, haste and blink. Also blinks away from you. Fires poisoned arrows of flame (no, you can't). His magic resistance is considerably low, so he's susceptible to slowness, paralyzing, etc.
 12600 | Lair:5   | oplop: ??nessos[2
 12600 | Lair:5   | beem: nessos[2/3]: Nessos, the merfolk. Nessos shouts, "I'm half man! Half horse! And all stone-cold KILLER!"
 12600 | Lair:5   | oplop: ??nessos[3
 12600 | Lair:5   | beem: nessos[3/3]: < Pacra> Nessos evaporates an' reforms as a death drake! Nessos casts a spell. < Pacra> _Nessos seems ta speed up.
 12814 | Lair:6   | Noticed a four-headed hydra
 12827 | Lair:6   | Killed a four-headed hydra
 12884 | Lair:6   | Reached skill level 10 in Dodging
 13021 | Lair:6   | Reached XP level 13. HP: 99/99 MP: 16/23
 13117 | Lair:6   | Noticed Snorg
 13180 | Lair:6   | Killed Snorg
 13180 | Lair:6   | Reached skill level 5 in Invocations
 13365 | Lair:6   | Found a viscous altar of Jiyva.
 13511 | Lair:6   | Found a staircase to the Slime Pits.
 14341 | Lair:8   | Entered Level 8 of the Lair of Beasts
 15140 | Lair:8   | Got a slimy leather armour
 15187 | Lair:8   | Identified a scroll of acquirement
 15189 | Lair:8   | oplop: ??Spriggan's Knife
 15189 | Lair:8   | beem: spriggan's knife[1/1]: The +7 Spriggan's Knife {MR+ EV+4 Dex+4 Stlth++}. This knife was made by Spriggans, or for Spriggans, or possibly from Spriggans. Anyway, it's in some way associated with those fey folk. Actually a dagger.
 15377 | Lair:8   | Reached ****** piety under Dithmenos
 15884 | Lair:8   | Reached XP level 14. HP: 105/108 MP: 2/24
 16111 | Lair:5   | Killed Kirke
 16271 | D:11     | Found an ancient bone altar of Kikubaaqudgha.
 16482 | Orc:1    | Entered Level 1 of the Orcish Mines
 16661 | Orc:2    | Entered Level 2 of the Orcish Mines
 16665 | Orc:2    | Noticed a stone giant
 16969 | Orc:1    | Found a roughly hewn altar of Beogh.
 17104 | Orc:2    | Killed a stone giant
 17152 | Orc:2    | Found a staircase to the Elven Halls.
 17340 | Orc:2    | Noticed an orc warlord
 17464 | Orc:2    | Killed an orc warlord
 17747 | Orc:2    | Reached skill level 15 in Stealth
 17910 | Orc:2    | Found Wugis's General Store.
 17911 | Orc:2    | Found Opaulu's Book Emporium.
 17912 | Orc:2    | Found Cawuig's Antique Armour Emporium.
 17912 | Orc:2    | Found Zamnue's Antique Weapon Shoppe.
 17917 | Orc:2    | oplop: ыгз
 17917 | Orc:2    | oplop: sup
 17926 | Orc:2    | Bought 6 needles of confusion for 42 gold pieces
 17979 | Orc:2    | Identified the cursed +1 leather armour of Baldness {rPois rN++ MR+ Str-2} (You found it on level 8 of the Lair of Beasts)
 17986 | Orc:2    | Gained mutation: You are clumsy. (Dex -2) [potion of mutation]
 17986 | Orc:2    | Gained mutation: You are frail. (-10% HP) [potion of mutation]
 17986 | Orc:2    | Gained mutation: Your spells are a little harder to cast, but a little more powerful. [potion of mutation]
 18167 | D:5      | Bought a book of the Sky for 910 gold pieces
 18174 | D:5      | Learned a level 6 spell: Deflect Missiles
 18685 | D:12     | Reached skill level 1 in Charms
 18756 | D:12     | Reached skill level 1 in Air Magic
 19524 | D:13     | Reached skill level 1 in Shields
 19765 | D:13     | Reached XP level 15. HP: 96/101 MP: 19/26
 19953 | D:13     | Got a distressingly furry helmet
 19964 | D:13     | Identified the +1 helmet of the Swan {*Confuse +Inv rC+++ Regen+} (You found it on level 13 of the Dungeon)
 20853 | D:14     | Reached skill level 5 in Charms
 20908 | D:14     | Found a gate to the Vaults.
 21156 | D:14     | Reached skill level 5 in Air Magic
 21405 | D:14     | oplop: о, кроле
 21405 | D:14     | oplop: р
 21427 | D:14     | crauler: о, ножик
 21636 | D:14     | oplop: угу
 21636 | D:14     | oplop: нашел
 21636 | D:14     | oplop: кб
 21636 | D:14     | oplop: но он +0
 21674 | D:15     | Entered Level 15 of the Dungeon
 21677 | D:15     | oplop: а еще у меня шторм дракон на д11
 22158 | D:15     | Found a staircase to the Depths.
 22158 | D:15     | Noticed a fire giant
 22165 | D:15     | Killed a fire giant
 22165 | D:15     | Reached skill level 5 in Shields
 22276 | D:15     | Got a garnet-encrusted leather armour
 22278 | D:15     | Identified the +1 leather armour "Tasielem" {*Contam rC++} (You found it on level 15 of the Dungeon)
 22729 | Swamp:1  | Entered Level 1 of the Swamp
 22956 | Swamp:1  | Gained mutation: You occasionally shout uncontrollably at your foes. [potion of mutation]
 22956 | Swamp:1  | Lost mutation: You are clumsy. (Dex -2) [potion of mutation]
 22956 | Swamp:1  | Gained mutation: You have a pair of small horns on your head. [potion of mutation]
 22981 | Swamp:1  | Lost mutation: Your spells are a little harder to cast, but a little more powerful. [potion of cure mutation]
 22981 | Swamp:1  | Lost mutation: You have a pair of small horns on your head. [potion of cure mutation]
 22981 | Swamp:1  | Lost mutation: You are frail. (-10% HP) [potion of cure mutation]
 22981 | Swamp:1  | Lost mutation: You occasionally shout uncontrollably at your foes. [potion of cure mutation]
 23740 | Swamp:1  | Reached XP level 16. HP: 82/120 MP: 24/29
 24660 | Swamp:2  | Learned a level 7 spell: Malign Gateway
 24699 | Swamp:2  | Reached skill level 10 in Spellcasting
 25252 | Swamp:3  | Got a translucent blowgun
 25253 | Swamp:3  | Identified the +10 blowgun of Guilt {speed, rPois} (You found it on level 3 of the Swamp)
 25418 | Swamp:4  | Entered Level 4 of the Swamp
 25490 | Swamp:4  | Noticed a thorn hunter
 25497 | Swamp:4  | Killed a thorn hunter
 25747 | Swamp:4  | Noticed a thorn hunter
 25747 | Swamp:4  | oplop: @??thorn hunter
 25747 | Swamp:4  | beem: thorn hunter (f)
                  | Spd: 12 (swim: 120%)
                  | HD: 15
                  | HP: 81-112
                  | AC/EV: 9/9
                  | Dam: 27, 23
                  | plant, amphibious, see invisible, unbreathing
                  | Res: magic(100), poison, drown, neg+++, torm
                  | Vul: fire
                  | XP: 2120
                  | Sp: v.thorns (3d18) [!AM, !sil], w.brambles [!sil]
                  | Sz: Large
                  | Int: animal.
 26158 | Snake:1  | Entered Level 1 of the Snake Pit
 26179 | Snake:1  | Got a jewelled dagger
 26180 | Snake:1  | Identified the +3 dagger "Cafoacs" {pierce, rN++ MR- Int+2} (You found it on level 1 of the Snake Pit)
 26323 | Snake:1  | Reached skill level 10 in Charms
 26634 | Snake:1  | You fall through a shaft!
 26857 | Snake:2  | Reached skill level 10 in Air Magic
 27059 | Snake:2  | Reached XP level 17. HP: 116/126 MP: 32/32
 27348 | Snake:2  | oplop: ??Dazzling spray
 27348 | Snake:2  | beem: dazzling spray[1/2]: Level 3 conjuration/hexes. Fires a spray of energy at up to 3 targets in the same general direction which deal some damage and can temporarly blind creatures which are neither nonliving nor undead if they fail an HD-based save. To-hit: 9+power/7.
 27348 | Snake:2  | oplop: ??Dazzling spray[2
 27348 | Snake:2  | beem: dazzling spray[2/2]: Player ghosts with Dazzling Spray are an absolute terror, because the dazzling spray confuses you in addition to doing damage, allowing the ghost to confuse-lock you at the same time as it kills you.
 27650 | Snake:3  | Found a snail-covered altar of Cheibriados.
 27927 | Snake:3  | Reached skill level 1 in Summonings
 27941 | Snake:3  | Reached skill level 1 in Translocations
 28480 | Snake:4  | Entered Level 4 of the Snake Pit
 28920 | Snake:4  | Reached skill level 5 in Summonings
 29338 | Elf:1    | Entered Level 1 of the Elven Halls
 29767 | Elf:1    | Reached skill level 5 in Translocations
 29938 | Elf:1    | Gained mutation: Your spells are a little harder to cast, but a little more powerful. [potion of beneficial mutation]
 30293 | Elf:1    | Identified the Grimoire of Supportive Attacks
 30334 | Elf:1    | Reached XP level 18. HP: 132/132 MP: 33/33
 30584 | Orc:2    | Bought Sif Muna's Incunabulum of Creative Flight for 1020 gold pieces
 30590 | Orc:2    | Learned a level 5 spell: Summon Mana Viper
 30885 | Elf:2    | Found Saicav's Assorted Antiques.
 30936 | Elf:2    | Bought an orange potion for 22 gold pieces
 30982 | Elf:2    | Gained mutation: Your muscles are strong. (Str +2) [potion of mutation]
 30982 | Elf:2    | Gained mutation: Your muscles are very strong. (Str +4) [potion of mutation]
 30982 | Elf:2    | Lost mutation: Your muscles are very strong. (Str +4) [potion of mutation]
 31044 | Elf:2    | Found a runed gate.
 31044 | Elf:2    | Found a runed gate.
 31044 | Elf:2    | Found a runed gate.
 32118 | Elf:2    | Reached skill level 5 in Throwing
 32195 | Elf:3    | Entered Level 3 of the Elven Halls
 32217 | Elf:3    | Found Poak's Assorted Antiques.
 32223 | Elf:3    | Bought a scroll of teleportation for 78 gold pieces
 32605 | Elf:3    | Noticed Aizul
 32609 | Elf:3    | oplop: @??Aizul
 32609 | Elf:3    | beem: Aizul (S)
                  | Spd:
    15 | HD: 14   | HP: 121-161
                  | AC/EV: 8/18
                  | Dam: 25
                  | spellcaster, see invisible
                  | Res: magic(120), poison
                  | Chunks: mutagenic
                  | XP: 1662
                  | Sp: b.venom (3d18), poison arrow (3d21), sleep
                  | Sz: Large
                  | Int: human.
 32618 | Elf:3    | Killed Aizul
 32957 | Elf:3    | Noticed a Hell Sentinel
 33064 | Elf:3    | Reached skill level 10 in Summonings
 33066 | Elf:3    | Got a crude quick blade {pierce}
 33067 | Elf:3    | Identified the +5 quick blade "Vynnakux" {pierce, rN+ MR++ Int-4} (You took it off a deep elf sorcerer on level 3 of the Elven Halls)
 33916 | Elf:3    | Reached XP level 19. HP: 126/138 MP: 17/34
 33971 | Elf:3    | Noticed a Tzitzimitl
 33977 | Elf:3    | Noticed a Brimstone Fiend
 34097 | Elf:3    | Noticed a Brimstone Fiend
 34205 | Elf:3    | Got a brightly glowing turquoise ring
 34338 | Elf:3    | Identified the ring "Ceoroboa" {rC+ Int+3 Stlth-} (You took it off a deep elf annihilator on level 3 of the Elven Halls)
 34344 | Elf:3    | Got a bloodstained dagger {freeze}
 34345 | Elf:3    | Identified the +1 dagger of the Shining Light {freeze, *Contam *Noise rF+++ Dex+5} (You took it off a deep elf death mage on level 3 of the Elven Halls)
 34364 | Elf:3    | Gained mutation: You are frail. (-10% HP) [mutagenic glow]
 34409 | Elf:3    | Learned a level 3 spell: Mephitic Cloud
 34436 | Elf:3    | Gained mutation: Armour fits poorly on your strangely shaped body. [mutagenic glow]
 34472 | Elf:3    | Got a smoking cloak
 34483 | Elf:3    | Identified the +0 cloak of Eternal Vigilance {+Inv Dex+2 Stlth-} (You found it on level 3 of the Elven Halls)
 34575 | Elf:3    | Got a transparent bone ring
 34576 | Elf:3    | Identified the ring "Docrixt" {*Drain rElec rPois rF+ Str+2 Int+4} (You took it off a deep elf annihilator on level 3 of the Elven Halls)
 35685 | Snake:4  | Reached skill level 10 in Translocations
 36570 | Snake:4  | Got a serpentine rune of Zot
 36581 | Snake:4  | Identified the Catalogue of the Volcanoes (You found it on level 4 of the Snake Pit)
 37736 | Swamp:4  | Got a decaying rune of Zot
 38227 | Vaults:1 | Entered Level 1 of the Vaults
 38431 | Vaults:1 | Reached XP level 20. HP: 130/130 MP: 21/35
 38951 | Vaults:1 | Found Deczed's Jewellery Shop.
 39616 | Vaults:2 | Noticed Jory
 39639 | Vaults:2 | Killed Jory
 39781 | Vaults:2 | Found a staircase to the Crypt.
 39987 | Vaults:2 | Found Dylluux's Antique Armour Emporium.
 40034 | Vaults:2 | Bought a smoking helmet for 190 gold pieces
 40044 | Vaults:2 | Identified the +2 helmet "Tousid" {rCorr Int+4} (You bought it in a shop on level 2 of the Vaults)
 42002 | Vaults:3 | oplop: йо
 42141 | Vaults:3 | xeno23: хай
 42181 | Vaults:3 | Reached skill level 15 in Summonings
 42499 | Vaults:3 | oplop: я тут энчантирую понемногу
 42550 | Vaults:3 | Reached XP level 21. HP: 123/135 MP: 22/36
 43640 | Vaults:4 | xeno23: >45 potions of blood
 43640 | Vaults:4 | xeno23: lel
 43647 | Vaults:4 | oplop: я запасливый
 43647 | Vaults:4 | oplop: кручу консервы
 43888 | Vaults:4 | oplop: я запакован на самом деле
 43888 | Vaults:4 | oplop: блоуган, иголки
 43892 | Vaults:4 | oplop: аквар говно дарит как всегда
 43892 | Vaults:4 | oplop: хотя не, в лейре он мне спригганский нож подарил
 43892 | Vaults:4 | oplop: годная штука
 43931 | Vaults:5 | Entered Level 5 of the Vaults
 44149 | Depths:1 | Entered Level 1 of the Depths
 44407 | Depths:1 | Found a runed door.
 44442 | Depths:1 | oplop: ??storm bow
 44442 | Depths:1 | beem: storm bow[1/1]: Unrandart +8 longbow of electrocution, sometimes creates rain clouds while wielded.
 44632 | Depths:1 | oplop: ??orange statue
 44632 | Depths:1 | beem: orange crystal statue[1/1]: A big orange 8 that drains your big orange MP and gives you big orange confusion. Immune to disintegration, unlike granite statues. Also can feed on your big orange brain.
 44717 | Depths:1 | Found a gateway to Hell.
 45301 | Depths:1 | oplop: как думаешь, взъебу статую?
 45301 | Depths:1 | oplop: @??orange statue
 45301 | Depths:1 | beem: unknown monster: "orange statue"
 45301 | Depths:1 | oplop: @??ocs
 45301 | Depths:1 | beem: unknown monster: "ocs"
 45301 | Depths:1 | xeno23: у нее синв есть?
 45301 | Depths:1 | oplop: @??orange crystal statue
 45301 | Depths:1 | beem: orange crystal statue (8)
                  | Spd: 10 (stationary)
                  | HD: 10
                  | HP: 57-81
                  | AC/EV: 12/1
                  | non-living, unbreathing
                  | Res: magic(immune), fire++, cold++, elec, poison+++, drown, rot+++, neg+++, torm
                  | XP: 673
                  | Sp: brain feed [!sil], draining gaze [!sil], mass confusion [!sil], shadow creatures [!sil]
                  | Sz: Large
                  | Int: human.
 45301 | Depths:1 | oplop: видимо нет
 45301 | Depths:1 | xeno23: ну лол
 45301 | Depths:1 | xeno23: иди стабай
 45301 | Depths:1 | oplop: статуи не стабаются
 45301 | Depths:1 | oplop: только ковыряются
 45302 | Depths:1 | xeno23: ну все равно в инвизе
 45307 | Depths:1 | xeno23: и кстати спящие стабаются вроде
 45347 | Depths:1 | oplop: они вроде не спят
 45347 | Depths:1 | oplop: ибо статуи
 45370 | Depths:1 | xeno23: я в лабе искандерума
 45372 | Depths:1 | xeno23: стабал статуи с оод
 45372 | Depths:1 | oplop: кек
 45424 | Depths:1 | oplop: ну, в целом годный волт
 45424 | Depths:1 | oplop: некрономикон, шторм лук
 45424 | Depths:1 | oplop: но мне неоче нужно
 45473 | Depths:2 | Noticed Mara
 45473 | Depths:2 | oplop: мара на говноэтаже
 45473 | Depths:2 | oplop: збс
 45480 | Depths:2 | xeno23: сетей нет чтоль?
 45483 | Depths:2 | oplop: нет
 45483 | Depths:2 | oplop: @??mara
 45483 | Depths:2 | beem: Mara (R)
                  | Spd:
    10 | HD: 18   | HP: 117-169
                  | AC/EV: 12/14
                  | Dam: 30
                  | demonic, weapons, items, doors, unholy, see invisible
                  | Res: magic(140), fire++, poison, rot, neg+++, torm
                  | Vul: holy++
                  | XP: 8027
                  | Sp: blink [!sil], b.fire (3d27) [!sil], mara summon [!sil], sum.illusion [!sil], pain (d17) [!sil]
                  | Sz: Medium
                  | Int: human.
 45483 | Depths:2 | oplop: хд18
 45483 | Depths:2 | oplop: мб иголкой пробью
 45483 | Depths:2 | oplop: или хентакль запаралайзит
 45483 | Depths:2 | xeno23: ну если иголки не жалко
 45483 | Depths:2 | xeno23: сколько скилла?
 45483 | Depths:2 | oplop: немного
 45483 | Depths:2 | xeno23: ммм
 45483 | Depths:2 | xeno23: да
 45483 | Depths:2 | oplop: трубка +10
 45488 | Depths:2 | xeno23: ну можно попробовать
 45491 | Depths:2 | oplop: вон
 45491 | Depths:2 | oplop: хентакль ебет
 45491 | Depths:2 | xeno23: хотя тут тентакля норм ебет
 45494 | Depths:2 | Killed Mara
 45495 | Depths:2 | oplop: kjk
 45495 | Depths:2 | xeno23: лол
 45495 | Depths:2 | oplop: лол
 45495 | Depths:2 | oplop: именно
 45500 | Depths:2 | Found a one-way gate to the infinite horrors of the Abyss.
 46119 | Depths:2 | Reached skill level 15 in Dodging
 46165 | Depths:2 | HP: 6/135 [juggernaut simulacrum[a necromancer] (35)]
 46167 | Depths:2 | oplop: БОЛЬНО БЛЯДЬ
 46167 | Depths:2 | oplop: а
 46167 | Depths:2 | oplop: это жаггер симулякр, ебать
 46915 | Depths:2 | HP: 6/135 [tentacled monstrosity (7)]
 47334 | Depths:1 | Reached XP level 22. HP: 135/141 MP: 31/37
 47765 | Depths:2 | Noticed a golden dragon
 47765 | Depths:2 | Noticed a golden dragon
 48200 | Depths:2 | oplop: @??tentacled monstrosity
 48200 | Depths:2 | beem: tentacled monstrosity (X)
                  | Spd:
    10 | HD: 23   | HP: 96-149
                  | AC/EV: 5/5
                  | Dam: 22, 17, 13, 9(constrict)
                  | demonic, doors, amphibious, unholy, see invisible
                  | Res: magic(160), fire, cold, elec, poison, drown, rot, neg+++, torm
                  | Vul: holy++
                  | XP:
  2959 | Sz: Giant | Int: human.
 48248 | Depths:2 | Killed a golden dragon
 48306 | Depths:2 | Killed a golden dragon
 48760 | Depths:2 | Identified the Reference Book on Warped Good Luck
 48764 | Depths:2 | Learned a level 2 spell: Blink
 48791 | Depths:2 | xeno23: голубрию бы еще
 48967 | Depths:2 | oplop: андедам же пох на иголки?
 48984 | Depths:2 | xeno23: да
 49074 | Depths:2 | HP: 7/141 [stone giant (35)]
 49075 | Depths:2 | xeno23: мммм
 49078 | Depths:2 | xeno23: опасно
 49078 | Depths:2 | oplop: хули блядь они меня пробивать начали
 49078 | Depths:2 | xeno23: сваливай
 49081 | Depths:2 | xeno23: ну 14 ац лол
 49092 | Depths:2 | HP: 7/141 [rakshasa/trident (19)]
 49123 | Depths:2 | oplop: так раньше не пробивали нихуя
 49878 | Depths:3 | Found a one-way gate leading to the halls of Pandemonium.
 49988 | Depths:3 | Noticed a golden dragon
 50077 | Depths:3 | oplop: ебливые ракшасы
 50297 | Depths:3 | oplop: чем личей пиздить?
 50297 | Depths:3 | oplop: тентаклем?
 50300 | Depths:3 | oplop: сало чтоли выучить...
 50644 | Depths:3 | Noticed a juggernaut
 50719 | Depths:2 | Reached skill level 10 in Fighting
 51025 | Depths:3 | Killed a golden dragon
 51053 | Depths:3 | oplop: пиздуц
 51053 | Depths:3 | oplop: хуйня какая творится
 51053 | Depths:3 | oplop: пойду спать
 51095 | Depths:3 | Upgraded the game from 0.19-a0-376-gf780d9b to 0.19-a0-414-g76fec5b
 51458 | Depths:3 | Noticed a golden dragon
 51466 | Depths:3 | HP: 1/144 [frost giant/battleaxe of freezing (26)]
 51466 | Depths:3 | Slain by a frost giant

Vault maps used:
D:1:      lightli_arrival_maybe_door_vault
D:2:      ecumenical_altar_1
D:3:      lemuel_round_altar, first_bread, minmay_item_behind_shaft,
          uniq_sigmund
D:4:      nicolae_ru_path_of_blood, okawaru_gym_becter,
          nicolae_overflow_hidden_temple, minmay_temple_entry_fiery
D:5:      serial_shops, shop, gup_ossuary_entry_pyramid, portal_sewer_entry_f
D:6:      uniq_edmund
D:7:      grunt_ogre_cave, nicolae_dithmenos_the_darkroom, uniq_joseph,
          uniq_menkaure
D:8:      kennysheep_generic_room_14
D:9:      lemuel_zombie_altar_yredelemnul, marbit_many_paths, orc_0_dummy,
          serial_shops, shop, nicolae_shop_behind_doors, minmay_ruffians,
          uniq_erica
D:10:     serial_shops, shop_fountains, nrook_guardian_serpent_double, uniq_maud
D:11:     lair_0_dummy, minmay_holes, jmf_multi_god_temple
D:13:     minmay_quarter_circles
D:14:     erik_vaults_2, minivault_24, worms_lemuel
D:15:     grunt_enter_depths_giant_problem, minmay_misc_feat_four_crosses
Temple:   eino_temple_water_12
Lair:1:   grunt_forest_small_clearings, guppyfry_lair_drakes,
          grunt_megastairs_1, serial_bayou_shore_a
Lair:2:   st_stairs_5
Lair:3:   bobbens_dragon_lair_wall
Lair:4:   grunt_megastairs_5
Lair:5:   minmay_swamp_entry_swarm, guppyfry_snake_entry_garden, basic_altar,
          infiniplex_staircase_pool, uniq_nessos, uniq_kirke
Lair:6:   kennysheep_rathole, slime_altar_1, uniq_snorg
Lair:8:   minmay_lair_end_frog_pond, bh_autumn_forest_stairs
Swamp:1:  evilmike_swamp_ruin_wall, grunt_hermit_hut,
          infiniplex_staircase_pool_2
Swamp:2:  evilmike_swamp_ruin_house_3
Swamp:3:  evilmike_swamp_ruin_house_2, nicolae_swamp_necromancer_hut
Swamp:4:  swamp, swamp_pool4
Snake:2:  serial_bayou_pond_c, hangedman_snake_pattern, grunt_ministairs_12
Snake:3:  basic_altar
Snake:4:  grunt_snake_rune_serpentine_throne
Orc:1:    basic_altar
Orc:2:    st_orc_congregation
Elf:1:    minmay_elf_sorcery, spider_trap
Elf:2:    serial_shops, shop
Elf:3:    grunt_elf_hall_branching, serial_shops, nicolae_shop_trees, uniq_aizul
Vaults:1: hangedman_vaults_corner_blocks, vaults_room_ringed_pool,
          nicolae_vaults_ring_of_whatevers, ontoclasm_vaults_twist, v_misc_29,
          nicolae_vaults_little_squares_3, v_misc_13, nicolae_vaults_what_the_h,
          vaults_mumra_chevron, grunt_vaults_twisty, vaults_room_door_ring,
          nicolae_vaults_border_crossing, vaults_room_door_ring,
          nicolae_vaults_ring_of_whatevers, serial_shops, shop
Vaults:2: minmay_crypt_entry_simple_box, vaults_mumra_chevron_long, v_rooms_2,
          hangedman_vaults_impose, vaults_room_semicircle, serial_shops,
          nicolae_shop_stone, uniq_jory
Vaults:3: vaults_standard_mumra_x, ontoclasm_vaults_shuriken, v_misc_16,
          hangedman_vaults_cutoff, nicolae_vaults_halls_meeting, v_misc_23,
          vaults_room_corners, grunt_vaults_hallway_long,
          nicolae_vaults_three_branches, vaults_room_pool
Vaults:4: kb_rosetta, vaults_room_door_ring, vaults_dpeg_encased_lava,
          nicolae_vaults_stairing_the_circle, v_misc_3, v_misc_18,
          v_alt_pattern_6, grunt_vaults_funnel,
          ontoclasm_vaults_decontamination, ontoclasm_vaults_pinch,
          nicolae_vaults_asterisk
Vaults:5: serial_shops, uniq_margery, uniq_jorgrun
Depths:1: minmay_misc_feat_x, pf_coc_iceberg, minmay_crystal_box
Depths:2: grunt_runaround, abyss_entry, hell_entry, uniq_mara
Depths:3: hangedman_cross_cluster, enter_ziggurat_d,
          pf_vacation_house_of_asmodeus, rand_demon_pan_entry_8,
          minmay_misc_feat_rugged, abyss_entry_crystal, kennysheep_inner_square,
          infiniplex_staircase_zigzag_1
Depths:4: hangedman_cross_stitches, nicolae_abyss_entry_one_way_or_another,
          serial_bayou_ford_a, grunt_mini_vestibule, grunt_pan_entry_in_and_out,
          eino_tiny_chamber

Skill      XL: |  1  2  3  4  5  6  7  8  9 10 11 12 13 14 15 16 17 18 19 20 21 22 |
---------------+-------------------------------------------------------------------+-----
Fighting       | 1 2 3 4 6 7 8 9 10 | 10.3
Stealth        | 5 6 7 9 10 11 12 13 15 | 15.2
Hexes          | 5 6 8 9 10 11 13 | 13.2
Short Blades   | 2 3 4 5 6 7 9 10 11 | 11.4
Spellcasting   | 3 4 5 6 7 9 11 | 11.0
Dodging        | 3 4 5 6 7 8 10 11 12 13 15 17 | 17.0
Throwing       | 3 6 7 8 |  8.9
Invocations    | 3 4 7 9 |  9.2
Charms         | 3 7 10 11 | 11.9
Air Magic      | 2 6 10 11 | 11.2
Shields        | 1 5 |  5.0
Summonings     | 7 10 13 15 16 17 | 17.1
Translocations | 5 8 11 13 14 | 14.7

Action                   |  1- 3 |  4- 6 |  7- 9 | 10-12 | 13-15 | 16-18 | 19-21 | 22-24 || total
-------------------------+-------+-------+-------+-------+-------+-------+-------+-------++-------
Melee: Dagger            |   109 |   152 |   344 |   108 |       |       |       |       ||   713
       Bite              |     9 |    13 |    33 |    39 |   134 |   122 |   259 |   155 ||   764
       Rapier            |       |       |       |   441 |   263 |       |       |       ||   704
       Knife             |       |       |       |       |  1039 |   983 |   874 |       ||  2896
       Unarmed           |       |       |       |       |     1 |     3 |     1 |     1 ||     6
       Quick blade       |       |       |       |       |       |       |   846 |   799 ||  1645
 Fire: Blowgun           |       |       |       |       |       |    21 |    15 |     5 ||    41
Throw: Throwing net      |       |       |       |       |     1 |       |       |       ||     1
 Cast: Corona            |     2 |       |     1 |       |       |       |       |       ||     3
       Ensorcelled Hiber |     9 |    30 |    74 |    76 |   138 |    92 |    65 |    38 ||   522
       Confuse           |       |     4 |    34 |    21 |    89 |    18 |    68 |    68 ||   302
       Tukima's Dance    |       |       |     8 |     8 |    10 |    20 |    13 |       ||    59
       Dazzling Spray    |       |       |       |     8 |    96 |   180 |   310 |    36 ||   630
       Invisibility      |       |       |       |       |     6 |     9 |    14 |     1 ||    30
       Deflect Missiles  |       |       |       |       |       |     3 |     2 |     2 ||     7
       Summon Mana Viper |       |       |       |       |       |    46 |    63 |    98 ||   207
       Apportation       |       |       |       |       |       |     1 |       |       ||     1
       Mephitic Cloud    |       |       |       |       |       |       |    10 |    29 ||    39
       Malign Gateway    |       |       |       |       |       |       |     4 |     4 ||     8
       Blink             |       |       |       |       |       |       |       |     7 ||     7
Invok: Shadow Step       |       |       |       |       |     1 |       |       |       ||     1
 Abil: End Transformatio |       |     2 |     1 |     6 |     9 |    10 |     8 |     2 ||    38
       Bat Form          |       |     2 |     1 |     6 |     9 |    10 |     8 |     2 ||    38
Evoke: Wand              |       |       |       |     1 |     2 |     2 |     1 |     1 ||     7
  Use: Potion            |       |     6 |     4 |       |     3 |     9 |     9 |    11 ||    42
       Scroll            |       |     2 |     6 |     5 |    16 |    16 |    13 |     7 ||    65
 Stab: Sleeping          |    18 |    20 |    63 |   125 |   189 |   209 |   132 |    17 ||   773
       Distracted        |     1 |     1 |     3 |     5 |    15 |     8 |    29 |    15 ||    77
       Confused          |       |     6 |    20 |    15 |    42 |     9 |    52 |    85 ||   229
       Invisible         |       |       |       |     1 |    84 |    89 |   194 |    23 ||   391
       Held in net/web   |       |       |       |       |     1 |       |       |       ||     1
       Paralysed         |       |       |       |       |       |     3 |     1 |     4 ||     8
Armor: Robe              |    29 |    30 |    68 |    33 |    80 |    50 |    89 |    49 ||   428
Dodge: Dodged            |    80 |   105 |   266 |   386 |  1120 |   949 |  1161 |   556 ||  4623
       Deflected         |       |       |       |       |       |    27 |    34 |    24 ||    85
Block: Buckler           |       |       |       |       |    88 |   245 |   474 |   181 ||   988
